 Dungeon Crawl Stone Soup version 0.30-a0-743-gbfdf073431 (webtiles) character file.

Game seed: 109284238972929109

53 Crownlay the Shooter (level 4, 0/26 HPs)
             Began as a Kobold Hunter on Feb 7, 2023.
             Succumbed to an adder's poison
             ... on level 1 of the Dungeon.
             The game lasted 00:01:14 (914 turns).

Crownlay the Shooter (Kobold Hunter)                 Turns: 914, Time: 00:01:15

Health: 0/26       AC:  3    Str:  8    XL:     4   Next: 11%
Magic:  4/4        EV: 14    Int: 10    God:
Gold:   26         SH:  0    Dex: 20    Spells: 3/3 levels left

rFire   . . .      SeeInvis .    a - +0 shortbow
rCold   . . .      Faith    .    (shield currently unavailable)
rNeg    . . .      Spirit   .    c - +0 leather armour
rPois   .          Reflect  .    (no helmet)
rElec   .          Harm     .    (no cloak)
rCorr   .          Rampage  .    (no gloves)
Will    .....                    (no boots)
Stlth   +++                      (no amulet)
HPRegen 0.24/turn                (no ring)
MPRegen 0.09/turn                (no ring)

@: lethally poisoned (0 -> -5), attractive
A: small, no large weapons, nightstalker 3
a: no special abilities


You were on level 1 of the Dungeon.
You visited 1 branch of the dungeon, and saw 2 of its levels.

You collected 26 gold pieces.

Inventory:

Hand Weapons
 a - a +0 shortbow (weapon)
Armour
 c - a +0 leather armour (worn)
Scrolls
 b - 2 scrolls of immolation
 g - a scroll of identify {unknown}
 h - a scroll of fear {unknown}
Potions
 e - a potion of lignification {unknown}
 f - a potion of haste {unknown}


   Skills:
 - Level 2.1 Fighting
 * Level 6.6 Ranged Weapons
 - Level 2.4 Dodging
 + Level 3.1 Stealth


You had 3 spell levels left.
You didn't know any spells.
Your spell library was empty.

Dungeon Overview and Level Annotations

Branches:
Dungeon (2/15)

Altars:


Innate Abilities, Weirdness & Mutations

You are small and have problems with some larger weapons.
You are completely attuned to the shadows.


Message History

Fire: a) +0 shortbow
Press: ? - help, Shift-Dir - straight line, f/p - adder
Aim: an adder (51% to hit)
You shoot an arrow. The arrow completely misses the adder.
The adder bites you.
You are poisoned.
The adder poisons you! The adder bites you.
Fire: a) +0 shortbow
Press: ? - help, Shift-Dir - straight line, f/p - adder
Aim: an adder (51% to hit)
You shoot an arrow. The arrow closely misses the adder.
You feel sick. The adder misses you.
Fire: a) +0 shortbow
Press: ? - help, Shift-Dir - straight line, f/p - adder
Aim: an adder (51% to hit)
You shoot an arrow. The arrow barely misses the adder.
You feel sick. The adder completely misses you. The adder barely misses you.
Fire: a) +0 shortbow
Press: ? - help, Shift-Dir - straight line, f/p - adder
Aim: an adder (51% to hit)
You shoot an arrow. The arrow closely misses the adder.
You feel sick. The adder closely misses you.
Fire: a) +0 shortbow
Press: ? - help, Shift-Dir - straight line, f/p - adder
Aim: an adder (51% to hit)
You shoot an arrow. The arrow misses the adder.
You feel sick. The adder closely misses you.
The adder bites you but does no damage.
Fire: a) +0 shortbow
Press: ? - help, Shift-Dir - straight line, f/p - adder
Aim: an adder (51% to hit)
You shoot an arrow.
The arrow hits the adder but does no damage.
You feel sick.
You are no longer poisoned.
The adder bites you.
* * * LOW HITPOINT WARNING * * *
You are lethally poisoned!
The adder poisons you!
It was a potion of attraction.
You feel attractive to monsters.
You die...

#
#.######..##########.....#
###.........# ###.###
..########.## #.# #.# #.#
#.# #.# #.# #.# #.# ##.##
#.### ..# ##...## #...#
#.######.#.#†####### ###.#
#........#..>.)S@..# #.#
#.######.###.#####.# #.#
#.# #..#.## #.# #.# #.#
#.#.## #.# #.# #.# #.###
#.# #.# #.# #.#
#.#######.## ..## #.#
#.##.....#.# ...# #)#
#######.##.####.##
.#.#####†###.......##.#
###


You could see an adder.

Vanquished Creatures
  2 adders
  A worm (D:1)
  2 dart slugs (D:1)
  2 endoplasms (D:1)
  A giant cockroach (D:1)
  2 goblins (D:1)
  4 hobgoblins (D:1)
  3 quokkas (D:1)
  A ball python (D:1)
  4 bats (D:1)
  A frilled lizard (D:1)
  2 kobolds (D:1)
  2 rats (D:1)
27 creatures vanquished.

Notes
Turn   | Place    | Note
-------+----------+-------------------------------------------
     0 | D:1      | Crownlay the Kobold Hunter began the quest for the Orb.
     0 | D:1      | Reached XP level 1. HP: 12/12 MP: 1/1
    76 | D:1      | Reached XP level 2. HP: 17/17 MP: 2/2
   286 | D:1      | Reached skill level 6 in Ranged Weapons
   338 | D:1      | Reached XP level 3. HP: 21/21 MP: 3/3
   901 | D:1      | Reached XP level 4. HP: 10/26 MP: 4/4
   914 | D:1      | Succumbed to an adder's poison

Illustrated notes

Levels and vault maps discovered:
D:1:      lemuel_arrival_broad_hall, layout_loops_ring,
          hangedman_decor_riveting, minmay_misc_feat_square
D:2:      layout_rooms, serial_undead, serial_undead_b, serial_undead_f,
          serial_undead_c, serial_undead_c, minmay_between,
          uniq_crazy_yiuf_cottage, uniq_terence, uniq_sigmund

Skill      XL: |  1  2  3 |
---------------+----------+-----
Stealth        | 2 3 |  3.1
Ranged Weapons | 6 |  6.6
Fighting       | |  2.1
Dodging        | |  2.4

Action                     |  1- 3 |  4- 6 || total
---------------------------+-------+-------++-------
   Fire: Shortbow          |    59 |     9 ||    68
    Use: Potion            |       |     1 ||     1
 Armour: Leather armour    |     7 |     1 ||     8
  Dodge: Dodged            |    31 |    12 ||    43

Table legend: (Time is in decaauts)
 A = Elapsed time spent in this place.
 B = Non-inter-level travel time spent in this place.
 C = Inter-level travel time spent in this place.
 D = Time resting spent in this place.
 E = Time spent auto-exploring this place.
 F = Levels seen in this place.
 G = Mean time per level.
                   A        B        C        D        E       F      G
               +--------+--------+--------+--------+--------+-----+--------+
         Total |    932 |    870 |     62 |      0 |    740 |   2 |  466.0 |
       Dungeon |    932 |    870 |     62 |      0 |    740 |   2 |  466.0 |
               +--------+--------+--------+--------+--------+-----+--------+

Top non-repeatable levels by time:
     D:1: 921 daAuts
     D:2: 11 daAuts
